 Dungeon Crawl Stone Soup version 0.28.0-53-g5a82cb258f (webtiles) character file.

Game seed: 722209683884179326

121 jjjjhere the Skirmisher (level 5, -1/55 HPs)
             Began as an Ogre Fighter on Aug 6, 2022.
             Slain by a scorpion (7 damage)
             ... on level 4 of the Dungeon.
             The game lasted 00:04:18 (2703 turns).

jjjjhere the Skirmisher (Ogre Fighter)              Turns: 2703, Time: 00:04:18

Health: -1/55      AC:  3    Str: 20    XL:     5   Next: 5%
Magic:  5/5        EV:  8    Int: 16    God:
Gold:   157        SH:  8    Dex: 10    Spells: 4/4 levels left

rFire   + . .      SeeInvis +   a - +0 trident
rCold   + + .      Faith    .   c - +0 kite shield
rNeg    . . .      Spirit   .   b - +0 robe
rPois   +          Reflect  .   (helmet restricted)
rElec   +          Harm     .   (no cloak)
rCorr   +          Rampage  .   (gloves unavailable)
Will    .....                   (boots unavailable)
Stlth   +.........              (no amulet)
HPRegen 0.18/turn               j - ring of protection from cold
MPRegen 0.09/turn               u - ring "Wiodut Cep" {Int+7 SInv}

@: mighty, lethally poisoned (-1 -> -7), resistant, flying
A: large, unfitting armour, tough skin 1
a: no special abilities


You were on level 4 of the Dungeon.
You visited 1 branch of the dungeon, and saw 4 of its levels.

You collected 157 gold pieces.

Inventory:

Hand Weapons
 a - a +0 trident (weapon)
Armour
 b - a +0 robe (worn)
 c - a +0 kite shield (worn)
Jewellery
 j - a ring of protection from cold (left hand)
 n - a +6 ring of intelligence
 u - the ring "Wiodut Cep" (right hand) {Int+7 SInv}
   (You found it on level 4 of the Dungeon)

   [ring of see invisible]

   Int:       It affects your intelligence (+7).
   SInv:      It lets you see invisible.
Scrolls
 g - 5 scrolls of vulnerability {unknown}
 h - 3 scrolls of teleportation {unknown}
 i - a scroll of noise {unknown}
 m - 3 scrolls of fear {unknown}
 o - a scroll of blinking {unknown}
 p - a scroll of fog {unknown}
 r - a scroll of identify {unknown}
 s - 2 scrolls of enchant armour {unknown}
 t - 2 scrolls of enchant weapon {unknown}
Potions
 k - a potion of magic {unknown}
 l - a potion of brilliance {unknown}
 q - a potion of curing {unknown}


   Skills:
 + Level 4.9 Fighting
 * Level 3.4 Polearms
 - Level 2.6 Dodging
 * Level 3.8 Shields


You had 4 spell levels left.
You didn't know any spells.
Your spell library contained the following spells:

 Spells                   Type           Power      Damage    Failure   Level
 Magic Dart               Conj           0%         1d3       52%         1
 Call Imp                 Summ           0%         N/A       65%         2
 Wereblood                Tmut           0%         N/A       65%         2
 Conjure Flame            Conj/Fire      0%         6-21      87%         3
 Ignite Poison            Fire/Tmut/Pois 0%         N/A       87%         3
 Mephitic Cloud           Conj/Pois/Air  0%         N/A       87%         3
 Ice Form                 Ice/Tmut       0%         N/A       99%         4
 Sticky Flame             Conj/Fire      0%         2d3       99%         4
 Blade Hands              Tmut           0%         N/A       100%        5


Dungeon Overview and Level Annotations

Branches:
Dungeon (4/15)
 Temple: D:4-7

Altars:


Innate Abilities, Weirdness & Mutations

You are too large for most types of armour.
You have tough skin. (AC +1)


Message History

a +0 whip; a kobold corpse A scorpion comes into view.
A scorpion is nearby!
A scorpion is nearby!
You barely miss the scorpion. The scorpion stings you! The scorpion stings you.
You hit the scorpion but do no damage. The scorpion stings you.
You are poisoned.
The scorpion poisons you!
You barely miss the scorpion.
You feel very sick. The scorpion stings you! The scorpion stings you.
You are too injured to fight recklessly!
You are too injured to fight recklessly!
You hit the scorpion.
The scorpion is lightly wounded.
You feel sick.
The scorpion stings you but does no damage.
You feel sick.
You feel sick. The scorpion stings you!
You are more poisoned.
The scorpion poisons you!
You feel very mighty all of a sudden.
You feel very sick. The scorpion stings you.
* * * LOW HITPOINT WARNING * * *
You puncture the scorpion!
The scorpion is heavily wounded.
* * * LOW HITPOINT WARNING * * *
You feel very sick. You block the scorpion's attack.
It was a potion of resistance.
You feel protected.
* * * LOW HITPOINT WARNING * * *
You feel sick. You block the scorpion's attack.
It was a potion of flight.
You feel very buoyant.
You fly up into the air.
* * * LOW HITPOINT WARNING * * *
You feel sick. The scorpion closely misses you. The scorpion stings you!
You die...

.#. .#.## ...#
#..# ####..###
#...(...#
####.....!>#
#......s...#
####+####.@...#
#.......#..)..#
#.⌠...⌠.#.....#
#.......#.)...#
+...>...'.#####
#.......###
#.⌠...⌠.#
#....)..#
####'#####


You could see a scorpion.

Vanquished Creatures
  A gnoll (D:1)
  3 adders
  An adder skeleton (D:4)
  A worm (D:3)
  A dart slug (D:2)
  5 orcs
  6 bats
  3 endoplasms
  3 giant cockroaches
  9 goblins
  4 hobgoblins
  6 jackals (D:1)
  5 kobolds
  2 quokkas
  8 ball pythons
  4 frilled lizards
  4 rats
66 creatures vanquished.

Notes
Turn   | Place    | Note
-------+----------+-------------------------------------------
     0 | D:1      | jjjjhere the Ogre Fighter began the quest for the Orb.
     0 | D:1      | Reached XP level 1. HP: 24/24 MP: 1/1
   240 | D:1      | Reached XP level 2. HP: 32/32 MP: 2/2
   625 | D:1      | Reached XP level 3. HP: 39/39 MP: 3/3
  1606 | D:3      | Reached XP level 4. HP: 46/49 MP: 4/4
  1999 | D:3      | Found a faded altar of an unknown god.
  2044 | D:3      | Got the Guide on Transmutation
  2568 | D:4      | Identified the ring "Wiodut Cep" {Int+7 SInv}
  2589 | D:4      | Reached XP level 5. HP: 52/55 MP: 5/5
  2700 | D:4      | HP: 18/55 [poisoned by a scorpion]
  2702 | D:4      | HP: 8/55 [poisoned by a scorpion]
  2703 | D:4      | Slain by a scorpion

Illustrated notes

Levels and vault maps discovered:
D:1:      sevenhm_arrival_forest_fort_large_4, layout_loops_cross
D:2:      layout_loops_ring
D:3:      layout_rooms, shapermc_ecumenical_altar_petra, saegor_snake_ambush
D:4:      layout_loops_ring, nzn_wu_jian_contemplation, kennysheep_small_square

Skill      XL: |  1  2  3 |
---------------+----------+-----
Shields        | 3 |  3.8
Polearms       | 3 |  3.4
Fighting       | |  4.9
Dodging        | |  2.6

Action                   |  1- 3 |  4- 6 || total
-------------------------+-------+-------++-------
Melee: Trident           |   102 |    95 ||   197
  Use: Potion            |       |     3 ||     3
 Stab: Sleeping          |     1 |     1 ||     2
Armor: Robe              |    35 |    19 ||    54
Dodge: Dodged            |    44 |    22 ||    66
Block: Kite shield       |    50 |    44 ||    94
